 Dungeon Crawl Stone Soup version 0.32-a0-329-ge6c31236d6 (webtiles) character file.

Game seed: 4911968514404222026

10781 AIDISCO the Blocker (level 11, -25/89 HPs)
             Began as a Gnoll Fighter on Feb 16, 2024.
             Was an Elder of Qazlal.
             Annihilated by a titanic slime creature (85 damage)
             ... on level 12 of the Dungeon.
             The game lasted 01:02:57 (10274 turns).

AIDISCO the Blocker (Gnoll Fighter)                Turns: 10274, Time: 01:02:57

Health: -25/89     AC: 26    Str: 22    XL:     11   Next: 67%
Magic:  21/21      EV: 14    Int: 11    God:    Qazlal [****..]
Gold:   429        SH: 12    Dex: 15    Spells: 22/23 levels left

rFire   x x .        P - +6 spear of Eternal Vigilance {flame, *Slow rElec rC++ Stlth+}
rCold   . . .        c - +0 buckler
rNeg    . . .        H - +0 plate armour
rPois   +            R - +0 helmet {Int+3}
rElec   +            m - +0 cloak
rCorr   .            B - +0 pair of gloves
SInv    .            (no boots)
Will    .....        q - amulet of Elemental Vulnerability {rPois rF-- rC-- AC+8} Stlth
                     v - +5 ring of evasion
HPRegen 0.34/turn    G - +6 ring of strength
MPRegen 0.17/turn

%: slow self (1%), repel missiles
@: about to teleport
A: fangs 1, strong nose, distributed training
a: Renounce Religion, Upheaval, Elemental Force


You were on level 12 of the Dungeon.
You worshipped Qazlal.
Qazlal was greatly pleased with you.
You visited 3 branches of the dungeon, and saw 14 of its levels.

You collected 567 gold pieces.
You spent 138 gold pieces at shops.

Inventory:

Hand Weapons
 a - a +2 long sword
 t - a +1 trident of pain
 u - a +1 broad axe of flaming
 y - a +2 antimagic rapier
 A - a +2 dagger of flaming
 C - a +4 falchion
 D - a +3 scimitar
 E - a +2 great sword
 O - a +0 dagger of draining
 P - the +6 spear of Eternal Vigilance (weapon) {flame, *Slow rElec rC++ Stlth+}
   (You found it on level 9 of the Dungeon)

   rC++:      It greatly protects you from cold.
   rElec:     It insulates you from electricity.
   *Slow:     It may slow you when you take damage.
   Stlth+:    It makes you more stealthy.
 U - a +1 orcbow of freezing
Missiles
 e - 13 poisoned darts (quivered)
 i - 20 boomerangs
 o - 3 atropa-tipped darts
 r - 2 throwing nets
Armour
 c - a +0 buckler (worn)
 m - a +0 cloak (worn)
 x - a +2 chain mail
 z - a +1 leather armour of positive energy
 B - a +0 pair of gloves (worn)
 H - a +0 plate armour (worn)
 M - the +0 robe of Polytheism {rElec Str+3}
   (You found it on level 1 of the Lair of Beasts)

   Str+3:     It affects your strength (+3).
   rElec:     It insulates you from electricity.
 R - a +0 helmet of intelligence (worn)
 W - +0 acid dragon scales
Jewellery
 q - the amulet of Elemental Vulnerability (around neck) {rPois rF-- rC-- AC+8}
   (You took it off a gnoll on level 4 of the Dungeon)

   [amulet of nothing]

   AC+8:      It affects your AC (+8).
   rF--:      It makes you very vulnerable to fire.
   rC--:      It makes you very vulnerable to cold.
   rPois:     It protects you from poison
 v - a +5 ring of evasion (left hand)
 G - a +6 ring of strength (right hand)
 T - the ring "Ydiq" {rElec rPois rF+ Dex-2 Slay+4}
   (You found it on level 9 of the Dungeon)

   [ring of poison resistance]

   Dex-2:     It affects your dexterity (-2).
   Slay+4:    It affects your accuracy & damage with ranged weapons and melee
   (+4).
   rF+:       It protects you from fire.
   rElec:     It insulates you from electricity.
   rPois:     It protects you from poison
Wands
 w - a wand of flame (16)
 K - a wand of quicksilver (13)
 L - a wand of digging (14)
 S - a wand of roots (9)
 X - a wand of charming (1)
Scrolls
 b - 2 scrolls of fog
 p - a scroll of vulnerability {unknown}
 s - a scroll of teleportation
 F - a scroll of poison
 N - a scroll of immolation
 Q - a scroll of noise
 V - a scroll of fear
Potions
 d - a potion of might
 f - 3 potions of enlightenment
 g - a potion of mutation {unknown}
 h - 2 potions of lignification
 j - 3 potions of haste
 k - a potion of magic {unknown}
 l - a potion of curing
 n - a potion of attraction {unknown}
 I - a potion of resistance {unknown}
 J - a potion of heal wounds {unknown}
 Y - a potion of berserk rage


   Skills:
 + Level 9.5 Fighting
 + Level 6.7 Short Blades
 + Level 8.2 Long Blades
 + Level 6.7 Axes
 + Level 6.7 Maces & Flails
 + Level 6.7 Polearms
 + Level 6.7 Staves
 + Level 6.7 Ranged Weapons
 + Level 6.7 Throwing
 + Level 9.5 Armour
 + Level 6.7 Dodging
 + Level 6.7 Stealth
 + Level 9.5 Shields
 + Level 6.7 Unarmed Combat
 + Level 6.7 Spellcasting
 + Level 5.6 Conjurations
 + Level 5.6 Hexes
 + Level 5.6 Summonings
 + Level 5.6 Necromancy
 + Level 5.6 Translocations
 + Level 5.6 Fire Magic
 + Level 5.6 Ice Magic
 + Level 5.6 Air Magic
 + Level 5.6 Earth Magic
 + Level 5.6 Alchemy
 + Level 7.4 Invocations
 + Level 6.7 Evocations
 + Level 6.1 Shapeshifting


You had 22 spell levels left.
You knew the following spells:

 Your Spells              Type           Power      Damage    Failure   Level
a - Sting                 Conj/Alch      64%        1d7       30%         1

Your spell library contained the following spells:

 Spells                   Type           Power      Damage    Failure   Level
 Cigotuvi's Dreadful Rot  Necr/Alch/Air  32%        N/A       41%         2
 Mercury Vapours          Alch/Air       32%        N/A       41%         2
 Static Discharge         Conj/Air       32%        3-5/arc   41%         2
 Frozen Ramparts          Ice            32%        1d5       65%         3
 Inner Flame              Hex/Fire       16%        N/A       65%         3
 Airstrike                Air            8%         2d(2-18)  96%         4
 Dispel Undead            Necr           16%        3d10      96%         4
 Flame Wave               Conj/Fire      16%        2d7       96%         4
 Leda's Liquefaction      Alch/Erth      8%         N/A       96%         4
 Martyr's Knell           Necr/Summ      16%        N/A       96%         4
 Olgreb's Toxic Radiance  Alch           16%        N/A       96%         4
 Petrify                  Alch/Erth      16%        N/A       96%         4
 Sticky Flame             Fire/Alch      16%        2d5       96%         4
 Summon Lightning Spire   Summ/Air       16%        N/A       96%         4
 Metabolic Englaciation   Hex/Ice        8%         N/A       100%        5
 Death Channel            Necr           8%         N/A       100%        6


Dungeon Overview and Level Annotations

Branches:
Dungeon (12/15)            Temple (1/1) D:4            Lair (1/5) D:8
    Orc (0/2) D:11

Altars:
Ashenzari
Cheibriados
Dithmenos
Elyvilon
Fedhas
Gozag
Hepliaklqana
Kikubaaqudgha
Makhleb
Nemelex Xobeh
Okawaru
Qazlal
Ru
Sif Muna
Trog
Uskayaw
Vehumet
Wu Jian
Xom
Yredelemnul
Zin
The Shining One
Beogh

Shops:
D:4 [   D:6 [   D:12 [

Annotations:
D:7 3 runed translucent doors, Atlas's ghost, novice DEFE; Bravepunisher's ghost, novice SpMo; ggggg's ghost, novice MDMo; oldriver's ghost, novice DsCj


Innate Abilities, Weirdness & Mutations

You have very sharp teeth.
Your uncanny sense of smell can sniff out nearby items.
Your experience applies equally to all skills.


Message History

The slime creature attacks as it pursues you!
The slime creature hits you.
You see here a poisoned dart.
An orc comes into view. It is wielding a +0 falchion.
The large slime creature attacks as it pursues you!
The large slime creature completely misses you.
Two slime creatures merge to form a very large slime creature.
You hit the very large slime creature. You burn the very large slime creature.
The very large slime creature is heavily wounded.
You barely miss the very large slime creature.
The very large slime creature is heavily wounded.
A gargoyle comes into view. It is wielding a +0 mace.
You hit the very large slime creature. You burn the very large slime creature.
The very large slime creature is heavily wounded.
You hit the very large slime creature. You burn the very large slime creature.
The very large slime creature is heavily wounded.
You block the very large slime creature's attack.
Two slime creatures merge to form an enormous slime creature.
An orc comes into view. It is wielding a +0 hand axe.
You puncture the enormous slime creature!
You burn the enormous slime creature.
The enormous slime creature is heavily wounded.
You puncture the enormous slime creature!
You burn the enormous slime creature.
Your bite misses the enormous slime creature.
The enormous slime creature is heavily wounded.
You block the orc's attack.
A skeletal warrior comes into view. It is wielding a +0 war axe.
Two slime creatures merge to form a titanic slime creature.
As you read the scroll of teleportation, it crumbles to dust.
You feel strangely unstable.
You hear a shout!
You block the orc's attack.
An orc warrior comes into view. It is wielding a +0 glaive.
You puncture the titanic slime creature!
You burn the titanic slime creature.
The titanic slime creature is heavily wounded.
The orc completely misses you. The titanic slime creature hits you!!!!
Ouch! That really hurt!
You die...

#.....########
#.....#......##
#.....'........
#'##.....#.######
.........#.#
.......(.#.#
..J.J...C#.# ...
∆..######J#.# ....
... #@#.. .... #..
#o####### .... #...
#9o...... .... #...
#........ ....
#...######z.......
....
+........o>.......
....
##..<..)##########.
##. ........# #.
........#.. ##


You could see a skeletal warrior, a titanic slime creature, a cyclops, an orc
warrior, a gargoyle and 2 orcs.

Vanquished Creatures
  Amaemon (D:8)
  3 cyclopes
  An orange demon (D:8)
  2 trolls
  3 blink frogs (Lair:1)
  2 shadows
  A wraith (D:12)
  2 wyverns (D:8)
  10 yaks
  Eustachio (D:5)
  2 wargs
  A steam dragon (D:9)
  2 acid dragons (D:11)
  5 water moccasins
  Duvessa (D:5)
  2 orc warriors
  2 ice beasts (D:7)
  3 black bears
  An ogre (D:7)
  6 wolves
  The ghost of Krumphau the Slasher, an amateur DsMo (D:4)
  5 centaurs
  A phantom (D:4)
  3 bullfrogs
  2 gnoll sergeants
  5 scorpions
  6 wights
  3 killer bees (D:11)
  Dowan (D:5)
  2 howler monkeys
  3 hounds
  2 jellies
  A bombardier beetle (D:5)
  3 gnoll boudas
  8 orc priests
  A sleepcap (D:7)
  3 iguanas
  7 orc wizards
  25 gnolls
  5 adders
  3 white imps
  2 ufetubi (D:5)
  2 dart slugs
  4 ribbon worms
  34 orcs
  7 ball pythons
  A bat (D:2)
  5 endoplasms
  A giant cockroach (D:1)
  3 goblins
  5 hobgoblins
  9 jackals
  9 kobolds
  5 quokkas
  6 frilled lizards
  5 rats
239 creatures vanquished.

Notes
Turn   | Place    | Note
-------+----------+-------------------------------------------
     0 | D:1      | AIDISCO the Gnoll Fighter began the quest for the Orb.
     0 | D:1      | Reached XP level 1. HP: 23/23 MP: 1/1
   205 | D:1      | Reached XP level 2. HP: 28/29 MP: 2/2
   479 | D:1      | Reached XP level 3. HP: 35/35 MP: 3/3
   664 | D:1      | Reached skill level 1 in Invocations
   926 | D:2      | Found a stormy altar of Qazlal.
   940 | D:2      | Became a worshipper of Qazlal Stormbringer
   974 | D:2      | Reached skill level 1 in Short Blades
   974 | D:2      | Reached skill level 1 in Axes
   974 | D:2      | Reached skill level 1 in Maces & Flails
   974 | D:2      | Reached skill level 1 in Polearms
   974 | D:2      | Reached skill level 1 in Staves
   974 | D:2      | Reached skill level 1 in Ranged Weapons
   974 | D:2      | Reached skill level 1 in Throwing
   974 | D:2      | Reached skill level 1 in Dodging
   974 | D:2      | Reached skill level 1 in Stealth
   974 | D:2      | Reached skill level 1 in Unarmed Combat
   974 | D:2      | Reached skill level 1 in Spellcasting
   974 | D:2      | Reached skill level 1 in Evocations
  1085 | D:2      | Reached skill level 1 in Shapeshifting
  1085 | D:2      | Reached XP level 4. HP: 41/41 MP: 5/5
  1360 | D:3      | Reached skill level 1 in Conjurations
  1360 | D:3      | Reached skill level 1 in Hexes
  1360 | D:3      | Reached skill level 1 in Summonings
  1360 | D:3      | Reached skill level 1 in Necromancy
  1360 | D:3      | Reached skill level 1 in Translocations
  1360 | D:3      | Reached skill level 1 in Fire Magic
  1360 | D:3      | Reached skill level 1 in Ice Magic
  1360 | D:3      | Reached skill level 1 in Air Magic
  1360 | D:3      | Reached skill level 1 in Earth Magic
  1360 | D:3      | Reached skill level 1 in Alchemy
  1580 | D:3      | Reached * piety under Qazlal
  1857 | D:3      | Reached XP level 5. HP: 47/47 MP: 7/7
  2014 | D:3      | Learned a level 1 spell: Sting
  2050 | D:4      | Noticed a phantom
  2070 | D:4      | Killed a phantom
  2133 | D:4      | Reached XP level 6. HP: 43/53 MP: 8/8
  2145 | D:4      | Reached skill level 5 in Long Blades
  2244 | D:4      | Found a staircase to the Ecumenical Temple.
  2262 | Temple   | Entered the Ecumenical Temple
  2308 | D:4      | Found Luefaics's Armour Emporium.
  2586 | D:4      | Reached XP level 7. HP: 13/60 MP: 10/10
  2873 | D:4      | Noticed Krumphau's ghost (amateur DsMo)
  2874 | D:4      | Found a runed translucent door.
  2884 | D:4      | Killed Krumphau's ghost
  3172 | D:4      | Reached ** piety under Qazlal
  3404 | D:5      | Entered Level 5 of the Dungeon
  3412 | D:5      | Reached XP level 8. HP: 67/67 MP: 12/12
  3490 | D:5      | Found a shimmering altar of Xom.
  3717 | D:5      | Noticed Duvessa
  3719 | D:5      | Noticed Dowan
  3738 | D:5      | Killed Dowan
  3738 | D:5      | Killed Duvessa
  3868 | D:5      | Noticed Eustachio
  3888 | D:5      | Killed Eustachio
  4445 | D:6      | Reached XP level 9. HP: 67/73 MP: 4/14
  4537 | D:6      | Reached *** piety under Qazlal
  4546 | D:6      | Found Xynum's Armour Emporium.
  5484 | D:7      | Found a glowing silver altar of Zin.
  5621 | D:7      | Reached skill level 5 in Invocations
  5627 | D:7      | Found a runed translucent gate.
  5627 | D:7      | Found a runed translucent gate.
  5627 | D:7      | Found a runed translucent gate.
  5628 | D:7      | Noticed oldriver's ghost (novice DsCj)
  5628 | D:7      | Noticed ggggg's ghost (novice MDMo)
  5628 | D:7      | Noticed Bravepunisher's ghost (novice SpMo)
  5629 | D:7      | Noticed Atlas's ghost (novice DEFE)
  6655 | D:8      | Reached skill level 5 in Short Blades
  6655 | D:8      | Reached skill level 5 in Axes
  6655 | D:8      | Reached skill level 5 in Maces & Flails
  6655 | D:8      | Reached skill level 5 in Polearms
  6655 | D:8      | Reached skill level 5 in Staves
  6655 | D:8      | Reached skill level 5 in Ranged Weapons
  6655 | D:8      | Reached skill level 5 in Throwing
  6655 | D:8      | Reached skill level 5 in Dodging
  6655 | D:8      | Reached skill level 5 in Stealth
  6655 | D:8      | Reached skill level 5 in Unarmed Combat
  6655 | D:8      | Reached skill level 5 in Spellcasting
  6655 | D:8      | Reached skill level 5 in Evocations
  6655 | D:8      | Reached XP level 10. HP: 81/81 MP: 17/17
  6685 | D:8      | Noticed Amaemon
  6687 | D:8      | Noticed an orange demon
  6709 | D:8      | Killed an orange demon
  6723 | D:8      | Killed Amaemon
  6847 | D:8      | Found a staircase to the Lair.
  6856 | Lair:1   | Entered Level 1 of the Lair of Beasts
  6868 | Lair:1   | Reached skill level 5 in Shapeshifting
  6904 | Lair:1   | Identified the +0 robe of Polytheism {rElec Str+3}
  7007 | D:8      | Reached **** piety under Qazlal
  7319 | D:8      | Found an ancient bone altar of Kikubaaqudgha.
  7319 | D:8      | Found a blossoming altar of Fedhas.
  7641 | D:9      | Identified the +6 spear of Eternal Vigilance {flame, *Slow
                  | rElec rC++ Stlth+}
  7856 | D:9      | Found a shadowy altar of Dithmenos.
  8031 | D:9      | Reached skill level 5 in Conjurations
  8031 | D:9      | Reached skill level 5 in Hexes
  8031 | D:9      | Reached skill level 5 in Summonings
  8031 | D:9      | Reached skill level 5 in Necromancy
  8031 | D:9      | Reached skill level 5 in Translocations
  8031 | D:9      | Reached skill level 5 in Fire Magic
  8031 | D:9      | Reached skill level 5 in Ice Magic
  8031 | D:9      | Reached skill level 5 in Air Magic
  8031 | D:9      | Reached skill level 5 in Earth Magic
  8031 | D:9      | Reached skill level 5 in Alchemy
  8033 | D:9      | Reached XP level 11. HP: 88/89 MP: 20/20
  8155 | D:9      | Identified the ring "Ydiq" {rElec rPois rF+ Dex-2 Slay+4}
  8319 | D:10     | Entered Level 10 of the Dungeon
  8347 | D:10     | Found a stormy altar of Qazlal.
  8350 | D:10     | Found a hazy altar of Hepliaklqana.
  8353 | D:10     | Found an opulent altar of Gozag.
  8355 | D:10     | Found a sparkling altar of Nemelex Xobeh.
  9104 | D:11     | Noticed a cyclops
  9214 | D:11     | Killed a cyclops
  9546 | D:11     | Noticed a cyclops
  9562 | D:11     | Killed a cyclops
  9641 | D:11     | Found a roughly hewn altar of Beogh.
  9678 | D:11     | Found a staircase to the Orcish Mines.
 10090 | D:12     | Found Yfoidgh's Armour Boutique.
 10093 | D:12     | Bought a +0 helmet of intelligence for 138 gold pieces
 10240 | D:12     | Noticed a cyclops
 10248 | D:12     | Noticed a cyclops
 10262 | D:12     | Killed a cyclops
 10272 | D:12     | Noticed a skeletal warrior
 10274 | D:12     | Annihilated by a titanic slime creature

Illustrated notes

Levels and vault maps discovered:
D:1:      onia_arrival_mini_spirals, layout_basic, kennysheep_doodads
D:2:      layout_rooms, basic_altar, hangedman_decor_diamond_cutter
D:3:      layout_loops_ring
D:4:      kennysheep_spiral_hall, layout_basic,
          minmay_temple_entry_statues_pillars, gammafunk_ghost_grave,
          serial_shops, shop, grunt_ministairs_5, kennysheep_generic_room_16
D:5:      layout_loops_cross, mainiacjoe_overflow_tiny_flanked, uniq_duvessa,
          uniq_eustachio
D:6:      layout_cave_pods, serial_shops, shop
D:7:      layout_cave_pools, zin_statuary, gammafunk_ghost_cemetery
D:8:      layout_cave_pods, grunt_temple_overflow_growth_and_decay,
          erik_lair_orcish_takeover, uniq_amaemon
D:9:      layout_long_grid, nicolae_dithmenos_the_darkroom
D:10:     layout_roguey, nicolae_overflow_macrodata_refinement,
          hangedman_decor_push
D:11:     layout_long_grid, minmay_orc_entry_guard_dogs,
          minmay_misc_feat_nine_boxes, david_defended_altar_orc
D:12:     layout_irregular_city, serial_rivers, chequers_serial_rivers_micro_c,
          chequers_serial_rivers_micro_d, chequers_serial_rivers_marsh,
          chequers_serial_rivers_micro_d, chequers_serial_rivers_micro_e,
          chequers_serial_rivers_small_3, serial_shops, nicolae_stop_n_shop_1,
          kennysheep_windowed_goal
Temple:   cyrus_circular_temple
Lair:1:   lemuel_ratsnest, layout_loops_ring, serial_bayou_shore_b,
          uniq_nergalle

Skill      XL: |  1  2  3  4  5  6  7  8  9 10 11 |
---------------+----------------------------------+-----
Invocations    | 1 2 3 4 5 6 7 |  7.4
Short Blades   | 1 2 3 5 6 |  6.7
Axes           | 1 2 3 5 6 |  6.7
Maces & Flails | 1 2 3 5 6 |  6.7
Polearms       | 1 2 3 5 6 |  6.7
Staves         | 1 2 3 5 6 |  6.7
Ranged Weapons | 1 2 3 5 6 |  6.7
Throwing       | 1 2 3 5 6 |  6.7
Dodging        | 1 2 3 5 6 |  6.7
Stealth        | 1 2 3 5 6 |  6.7
Unarmed Combat | 1 2 3 5 6 |  6.7
Spellcasting   | 1 2 3 5 6 |  6.7
Evocations     | 1 2 3 5 6 |  6.7
Shapeshifting  | 1 2 3 4 5 6 |  6.1
Conjurations   | 1 2 3 4 5 |  5.6
Hexes          | 1 2 3 4 5 |  5.6
Summonings     | 1 2 3 4 5 |  5.6
Necromancy     | 1 2 3 4 5 |  5.6
Translocations | 1 2 3 4 5 |  5.6
Fire Magic     | 1 2 3 4 5 |  5.6
Ice Magic      | 1 2 3 4 5 |  5.6
Air Magic      | 1 2 3 4 5 |  5.6
Earth Magic    | 1 2 3 4 5 |  5.6
Alchemy        | 1 2 3 4 5 |  5.6
Long Blades    | 5 6 7 8 |  8.2
Fighting       | 7 8 9 |  9.5
Armour         | 7 8 9 |  9.5
Shields        | 7 8 9 |  9.5

Action                     |  1- 3 |  4- 6 |  7- 9 | 10-12 || total
---------------------------+-------+-------+-------+-------++-------
  Melee: Long sword        |    92 |   167 |    14 |       ||   273
         Bite              |     5 |    16 |    28 |    52 ||   101
         Broad axe         |       |       |   229 |    92 ||   321
         Rapier            |       |       |    88 |    35 ||   123
         Spear             |       |       |       |   289 ||   289
  Throw: Dart              |       |     2 |       |    10 ||    12
    Use: Scroll            |     2 |     4 |     5 |     8 ||    19
         Potion            |       |       |     1 |     1 ||     2
 Armour: Scale mail        |    45 |   100 |    54 |       ||   199
         Chain mail        |       |       |    97 |       ||    97
         Plate armour      |       |       |    58 |   229 ||   287
  Dodge: Dodged            |    36 |    80 |   198 |   208 ||   522
         Repelled          |       |       |       |     2 ||     2
  Block: Buckler           |    19 |    51 |   209 |   237 ||   516

Table legend: (Time is in decaauts)
 A = Elapsed time spent in this place.
 B = Non-inter-level travel time spent in this place.
 C = Inter-level travel time spent in this place.
 D = Time resting spent in this place.
 E = Time spent auto-exploring this place.
 F = Levels seen in this place.
 G = Mean time per level.
                   A        B        C        D        E       F      G
               +--------+--------+--------+--------+--------+-----+--------+
         Total |  10380 |   9308 |   1072 |    945 |   6238 |  14 |  741.4 |
       Dungeon |  10278 |   9244 |   1034 |    945 |   6238 |  12 |  856.5 |
        Temple |     32 |      2 |     30 |      0 |      0 |   1 |   32.0 |
          Lair |     69 |     61 |      8 |      0 |      0 |   1 |   69.0 |
               +--------+--------+--------+--------+--------+-----+--------+

Top non-repeatable levels by time:
     D:8: 1443 daAuts
     D:4: 1390 daAuts
     D:6: 1245 daAuts
    D:11: 1046 daAuts
     D:1: 939 daAuts
     D:5: 816 daAuts
     D:7: 725 daAuts
     D:9: 701 daAuts
    D:10: 682 daAuts
     D:3: 677 daAuts
     D:2: 432 daAuts
    D:12: 177 daAuts
  Lair:1: 69 daAuts
  Temple: 32 daAuts
